 Dungeon Crawl Stone Soup version 0.29.1-13-g9f3cf754e1 (webtiles) character file.

Game seed: 6705881790823890855

51 sankara the Trooper (level 3, -4/33 HPs)
             Began as a Hill Orc Fighter on Jan 31, 2023.
             Splashed by a jelly's acid (8 damage)
             ... on level 2 of the Dungeon.
             The game lasted 00:02:33 (1427 turns).

sankara the Trooper (Hill Orc Fighter)              Turns: 1427, Time: 00:02:33

Health: -4/33      AC:  0    Str: 18    XL:     3   Next: 81%
Magic:  3/3        EV:  9    Int:  8    God:
Gold:   63         SH:  4    Dex: 12    Spells: 2/2 levels left

rFire   . . .      SeeInvis .   a - +0 war axe
rCold   + . .      Faith    .   c - +0 buckler
rNeg    . . .      Spirit   .   b - +0 scale mail
rPois   .          Reflect  .   p - +0 helmet
rElec   .          Harm     .   (no cloak)
rCorr   .          Rampage  .   (no gloves)
Will    .....                   (no boots)
Stlth   ..........              (no amulet)
HPRegen 0.11/turn               m - ring of protection from cold
MPRegen 0.08/turn               (no ring)

@: corroded
A: no striking features
a: no special abilities


You were on level 2 of the Dungeon.
You visited 1 branch of the dungeon, and saw 2 of its levels.

You collected 63 gold pieces.

Inventory:

Hand Weapons
 a - a +0 war axe (weapon)
 n - a +0 sling
Missiles
 h - 4 poisoned darts (quivered)
Armour
 b - a +0 scale mail (worn)
 c - a +0 buckler (worn)
 o - a +1 leather armour of willpower
 p - a +0 helmet (worn)
Jewellery
 m - a ring of protection from cold (left hand)
Scrolls
 e - 2 scrolls of teleportation {unknown}
 g - 2 scrolls of identify {unknown}
 i - a scroll of amnesia {unknown}
 j - a scroll of vulnerability {unknown}
 k - a scroll of butterflies {unknown}
 l - 4 scrolls of fear {unknown}
 q - a scroll of brand weapon {unknown}
 r - a scroll of magic mapping {unknown}
Potions
 d - 3 potions of might
 f - a potion of flight {unknown}
 s - a potion of curing {unknown}


   Skills:
 + Level 4.0 Fighting
 * Level 3.9 Axes
 + Level 0.6 Throwing
 + Level 3.6 Armour
 + Level 3.7 Shields


You had 2 spell levels left.
You didn't know any spells.
Your spell library contained the following spells:

 Spells                   Type           Power      Damage    Failure   Level
 Sandblast                Erth           0%         2d4       87%         1
 Passwall                 Tmut/Erth      0%         N/A       95%         2
 Stone Arrow              Conj/Erth      0%         3d7       99%         3


Dungeon Overview and Level Annotations

Branches:
Dungeon (2/15)

Altars:


Message History

No target in view!
No target in view!
No target in view!
No target in view!
Things that are here:
a +0 club; 2 stones You open the door.
A jelly and 2 endoplasms come into view.
The endoplasm quivers.
The jelly quivers.
The endoplasm quivers.
Found four items.
You hit the endoplasm.
The endoplasm is almost dead.
There are monsters nearby!
Unknown command.
You barely miss the jelly. You slash the jelly! The acid corrodes you!
Your hands burn!
The jelly is heavily wounded.
The jelly hits you but does no damage. You block the jelly's attack.
A jelly comes into view.
Unknown command.
You barely miss the jelly.
The jelly is heavily wounded.
The jelly hits you but does no damage.
The jelly moves out of view.
Unknown command.
You hit the jelly.
Your hands burn!
The jelly is severely wounded.
The jelly barely misses you.
Unknown command.
You hit the jelly but do no damage. The acid corrodes you!
Your hands burn!
The jelly is severely wounded.
The jelly hits you.
You are splashed with acid.
The jelly hits you.
You are splashed with acid!
* * * LOW HITPOINT WARNING * * *
Unknown command.
You are too injured to fight recklessly!
Unknown command.
The jelly attacks as you move away! The jelly hits you.
* * * LOW HITPOINT WARNING * * *
You are splashed with acid!
You die...

##.....##
#.......#
#.......#
#.......#
#.......#
#....####
#....'..##
########.#
#@..)..##
#J#######
#.J #.J
#÷. #.÷
#÷. #..


You could see 2 jellies and an endoplasm.

Vanquished Creatures
  An adder (D:2)
  2 dart slugs (D:1)
  3 ball pythons (D:1)
  An endoplasm (D:1)
  3 hobgoblins
  2 jackals (D:2)
  A quokka (D:1)
  A bat (D:1)
  2 frilled lizards (D:1)
  17 kobolds
  2 rats (D:1)
  A spectral hobgoblin (D:1)
36 creatures vanquished.

Vanquished Creatures (others)
  A plant (D:2)
  11 toadstools (D:2)
12 creatures vanquished.

Grand Total: 48 creatures vanquished

Notes
Turn   | Place    | Note
-------+----------+-------------------------------------------
     0 | D:1      | sankara the Hill Orc Fighter began the quest for the Orb.
     0 | D:1      | Reached XP level 1. HP: 19/19 MP: 1/1
    68 | D:1      | Reached XP level 2. HP: 18/27 MP: 2/2
   554 | D:1      | Found a faded altar of an unknown god.
   662 | D:1      | Reached XP level 3. HP: 29/33 MP: 3/3
  1282 | D:2      | Reached skill level 4 in Fighting
  1427 | D:2      | Splashed by a jelly's acid

Illustrated notes

Levels and vault maps discovered:
D:1:      eino_arrival_tree_alley, layout_rooms,
          dreamdust_ecumenical_altar_drowned_temple
D:2:      cheibrodos_fertilizer, layout_loops_corners, grunt_ministairs_10,
          nicolae_hexahallways, serial_bayou_crossing, uniq_natasha

Skill      XL: |  1  2  3 |
---------------+----------+-----
Axes           | 3 |  3.9
Fighting       | 4 |  4.0
Throwing       | |  0.6
Armour         | |  3.6
Shields        | |  3.7

Action                   || total
-------------------------++-------
Melee: War axe           ||    90
Armor: Scale mail        ||    37
Dodge: Dodged            ||    31
Block: Buckler           ||    32
